 Dungeon Crawl Stone Soup version 0.30-a0-1018-g25214051b3 (webtiles) character file.

Game seed: 8136210295514051412

273 Zeldest the Caller (level 6, 0/40 (41) HPs)
             Began as a Barachi Summoner on Apr 8, 2023.
             Killed from afar by Ijyb (16 damage)
             ... with a bolt of dispelling energy
             ... on level 3 of the Dungeon.
             The game lasted 00:07:12 (1002 turns).

Zeldest the Caller (Barachi Summoner)               Turns: 1002, Time: 00:07:13

HP:   0/40 (41)     AC:  4    Str:  9    XL:     6   Next: 24%
MP:   5/11          EV: 11    Int: 18    God:
Gold: 93            SH:  0    Dex: 12    Spells: 8/12 levels left

rFire   . . .      SeeInvis .    l - +2 dagger (drain)
rCold   + . .      Faith    .    (no shield)
rNeg    . . .      Spirit   .    f - +1 leather armour {rC+}
rPois   .          Reflect  .    (no helmet)
rElec   .          Rampage  .    (no cloak)
rCorr   .                        (no gloves)
Will    .....                    (no boots)
Stlth   ++                       (no amulet)
HPRegen 0.26/turn                (no ring)
MPRegen 0.12/turn                (no ring)

@: lightly drained, slow
A: amphibious, slowness 1, strong legs 1, +LOS
a: Hop


You were on level 3 of the Dungeon.
You visited 1 branch of the dungeon, and saw 4 of its levels.

You collected 93 gold pieces.

Inventory:

Hand Weapons
 l - a +2 dagger of draining (weapon)
Armour
 f - a +1 leather armour of cold resistance (worn)
Scrolls
 d - 2 scrolls of poison
 g - a scroll of silence {unknown}
 h - a scroll of blinking {unknown}
 i - a scroll of acquirement {unknown}
 k - a scroll of magic mapping {unknown}
 m - a scroll of noise {unknown}
Potions
 a - 3 potions of curing
 b - a potion of magic
 e - 2 potions of attraction
 j - a potion of brilliance
 o - a potion of lignification


   Skills:
 - Level 2.1 Dodging
 - Level 1.7 Stealth
 + Level 3.7 Spellcasting
 + Level 6.2 Summonings
 + Level 3.0 Ice Magic
 + Level 2.8 Air Magic


You had 8 spell levels left.
You knew the following spells:

 Your Spells              Type           Power      Damage    Failure   Level
a - Summon Small Mammal   Summ           100%       N/A       1%          1
b - Call Canine Familiar  Summ           25%        N/A       4%          3

Your spell library contained the following spells:

 Spells                   Type           Power      Damage    Failure   Level
 Call Imp                 Summ           50%        N/A       2%          2
 Poisonous Vapours        Pois/Air       16%        N/A       19%         2
 Summon Guardian Golem    Hex/Summ       14%        N/A       19%         3
 Summon Lightning Spire   Summ/Air       19%        N/A       32%         4
 Mephitic Cloud           Conj/Pois/Air  6%         N/A       41%         3
 Freezing Cloud           Conj/Ice/Air   5%         6-21      95%         5


Dungeon Overview and Level Annotations

Branches:
Dungeon (4/15) Zot: 22814
 Temple: D:4-7

Altars:
Fedhas
Nemelex Xobeh
Trog

Annotations:
D:3 Ijyb
D:4 Blork the orc


Innate Abilities, Weirdness & Mutations

You are amphibious.
You cover ground slowly.
You can hop short distances.
You have an extended range of vision and can be seen from far away.


Message History

Beogh smites you!
You climb upwards.
Level annotation: Ijyb
There is a stone staircase leading down, spattered with blood here.
You see here 2 potions of degeneration.
Casting: Call Canine Familiar (dangerous; 4% risk of failure)
Confirm with . or Enter, or press ? or * to list all spells.
As you open the door, it creaks loudly!
You hear a shout! x2
There is an open door here.
You swap places.
Ijyb screams, "Get away!"
Your hound closely misses Ijyb.
Ijyb hits your hound with a +0 club.
Your hound barely misses Ijyb.
Ijyb barely misses your hound.
A kobold comes into view. It is wielding a +0 club.
Your hound closely misses Ijyb.
Your hound bites Ijyb but does no damage.
Ijyb grins evilly.
Ijyb closely misses your hound.
Your hound misses Ijyb. Ijyb barely misses your hound.
Your hound bites Ijyb.
Casting: Call Canine Familiar (dangerous; 4% risk of failure)
Confirm with . or Enter, or press ? or * to list all spells.
Your hound bites Ijyb.
Ijyb zaps a wand.
The bolt of dispelling energy hits your hound!
Your hound dies!
Your hound's corpse disappears in a puff of smoke!
The bolt of dispelling energy misses your quokka.
The bolt of dispelling energy hits you!!
Ouch! That really hurt!
Casting: Summon Small Mammal (safe; 1% risk of failure)
Confirm with . or Enter, or press ? or * to list all spells.
Ijyb zaps a wand.
The bolt of dispelling energy hits your quokka!
Your quokka dies!
Your quokka's corpse disappears in a puff of smoke!
The bolt of dispelling energy hits your bat!!
Your bat dies!
Your bat's corpse disappears in a puff of smoke!
The bolt of dispelling energy hits you!
You die...

#....#.........###..####.[#......
#....#.........###....##..#####..
#..................##.##..# #..
.................####.....# ##.
.........######....#####..## #.
#....###.............###...######
#.#### ###.............#...<...##
#.# ######...)......#.(....##...
#.# #K.g...§.§.@................
.......##'###........#..(....#...
.>.. #....#....<...###......<..
... #....#..####### #....##...
#..g #....#.## #######...
#....#.# #^.. #....#.# #...
######.# #... ..# ####


There were no monsters in sight!

Vanquished Creatures
  Natasha (D:3)
  A worm (D:3)
  2 orcs (D:3)
  A bat (D:2)
  An endoplasm (D:2)
  A giant cockroach (D:3)
  A hobgoblin (D:2)
  A quokka (D:2)
  2 ball pythons
  A frilled lizard (D:2)
  2 kobolds
  A rat (D:2)
15 creatures vanquished.

Vanquished Creatures (collateral kills)
  Sigmund (D:3)
  Natasha (D:3)
  2 adders
  An orc (D:4)
  3 endoplasms
  3 goblins (D:3)
  6 hobgoblins
  6 jackals (D:3)
  3 kobolds
  A quokka (D:2)
  A ball python (D:2)
  3 bats
  3 frilled lizards
34 creatures vanquished.

Grand Total: 49 creatures vanquished

Notes
Turn   | Place    | Note
-------+----------+-------------------------------------------
     0 | D:1      | Zeldest the Barachi Summoner began the quest for the Orb.
     0 | D:1      | Reached XP level 1. HP: 13/13 MP: 3/3
   160 | D:2      | Reached skill level 5 in Summonings
   240 | D:2      | Reached XP level 2. HP: 19/19 MP: 3/5
   278 | D:3      | Noticed Natasha
   422 | D:3      | Noticed Sigmund
   505 | D:2      | Reached XP level 3. HP: 24/24 MP: 6/6
   523 | D:2      | Learned a level 3 spell: Call Canine Familiar
   561 | D:3      | Reached skill level 1 in Ice Magic
   561 | D:3      | Reached skill level 1 in Air Magic
   575 | D:3      | Killed Sigmund
   576 | D:3      | Reached skill level 6 in Summonings
   576 | D:3      | Reached XP level 4. HP: 22/30 MP: 2/9
   576 | D:3      | Reached XP level 5. HP: 25/35 MP: 2/10
   702 | D:3      | Found a bloodstained altar of Trog.
   702 | D:3      | Found a sparkling altar of Nemelex Xobeh.
   702 | D:3      | Found a blossoming altar of Fedhas.
   754 | D:3      | Killed Natasha
   755 | D:3      | Reached XP level 6. HP: 31/41 MP: 6/11
   790 | D:3      | Noticed Ijyb
   859 | D:3      | Noticed Natasha
   869 | D:3      | Killed Natasha
   959 | D:4      | Noticed Blork the orc
  1002 | D:3      | Killed from afar by Ijyb

Illustrated notes

Levels and vault maps discovered:
D:1:      mrwooster_arrival_statue_3, layout_loops_ring,
          shapermc_ecumenical_altar_notcrosses, minmay_misc_feat_alley,
          minmay_hexomino_p4
D:2:      layout_loops_ring, serial_shops, nicolae_lakefront_shop,
          amcnicky_mini_rare_corridor_liquid, minmay_vboxes
D:3:      layout_rooms, gammafunk_temple_overflow_claw, nrook_mini_vaults,
          chequers_serial_rivers_micro_d, serial_park_tiny_2, minivault_25,
          uniq_ijyb, uniq_crazy_yiuf_cottage, uniq_natasha, uniq_sigmund
D:4:      layout_rooms, gammafunk_ghost_split, uniq_duvessa, uniq_eustachio,
          uniq_blork_the_orc

Skill      XL: |  1  2  3  4  5  6 |
---------------+-------------------+-----
Summonings     | 5 6 |  6.2
Ice Magic      | 2 3 |  3.0
Air Magic      | 2 |  2.8
Spellcasting   | 3 |  3.7
Dodging        | |  2.1
Stealth        | |  1.7

Action                     |  1- 3 |  4- 6 || total
---------------------------+-------+-------++-------
  Melee: Unarmed           |    30 |       ||    30
         Short sword       |     9 |       ||     9
         Dagger            |    17 |    28 ||    45
   Cast: Summon Small Mamm |    30 |    16 ||    46
         Call Canine Famil |     1 |    10 ||    11
    Use: Scroll            |       |     6 ||     6
   Stab: Sleeping          |     1 |       ||     1
         Distracted        |       |     1 ||     1
 Armour: Leather armour    |    43 |    22 ||    65
  Dodge: Dodged            |    66 |    30 ||    96

Table legend: (Time is in decaauts)
 A = Elapsed time spent in this place.
 B = Non-inter-level travel time spent in this place.
 C = Inter-level travel time spent in this place.
 D = Time resting spent in this place.
 E = Time spent auto-exploring this place.
 F = Levels seen in this place.
 G = Mean time per level.
                   A        B        C        D        E       F      G
               +--------+--------+--------+--------+--------+-----+--------+
         Total |   1184 |   1184 |      0 |      0 |      4 |   4 |  296.0 |
       Dungeon |   1184 |   1184 |      0 |      0 |      4 |   4 |  296.0 |
               +--------+--------+--------+--------+--------+-----+--------+

Top non-repeatable levels by time:
     D:3: 619 daAuts
     D:2: 386 daAuts
     D:1: 136 daAuts
     D:4: 41 daAuts
